Unix NetHack Version 5.0.0-0 post-release - last build Jul 19 2026 19:10:59 (3aa4ab31751d3886436d94b585a96704892fd477,branch:main).

Game began 2026-07-21 01:07:14, ended 2026-07-22 14:20:07.

DaveT, lawful male human Priest

  -----X---------
  |.DD@E Y....)..##
  |.@N4V.D.. |..|  ##
  |2D..E.|..1|...##
  |@2>zqD.. .|..|
  ---H ----------
     (
     &
     2     #########
     #     #  -----#
     ##    #  |...-#
 -----|-   #  |.W.|####
 |....).####  |*<.|#####
 |..*..|      |...|
 -------      -----

DaveT the Curate             St:25 Dx:14 Co:18 In:11 Wi:18 Ch:11  Lawful
Home 2 $:2806 HP:0(123) Pw:227(227) AC:-31 Xp:17 T:34458  Blind

Latest messages:
 The guardian naga bites!
 The guardian naga touches you!
 The guardian naga brushes against you.
 The guardian naga just misses!
 The guardian naga touches you!
 You can see again.
 Your eyes sting.
 Something is burning your lungs!
 You cough and spit blood!
 The yellow dragon coughs!
 The xorn hits!
 The xorn hits again!
 The xorn hits again!
 The xorn bites!
 The vampire lord hits!
 The vampire lord misses!
 The orange dragon bites!
 The orange dragon hits!
 The orange dragon just misses!
 It hits!
 The guardian naga misses!
 The guardian naga touches you!
 You can see again.
 Your eyes sting.
 Something is burning your lungs!
 You cough and spit blood!
 You hear the howling of the CwnAnnwn...
 The yellow dragon coughs!
 The xorn misses!
 The xorn misses!
 The xorn misses!
 The xorn misses!
 The vampire lord hits!
 The vampire lord misses!
 The orange dragon misses!
 The orange dragon misses!
 The orange dragon misses!
 The guardian naga misses!
 The guardian naga misses!
 You can see again.
 Your eyes sting.
 Something is burning your lungs!
 You cough and spit blood!
 You die...
 Do you want your possessions identified? [ynq] (y) y
 Do you want to see your attributes? [ynq] (y) y
 Do you want an account of creatures vanquished? [ynaq] (y) y
 Do you want a list of species genocided? [ynaq] (y) y
 Do you want to see your conduct and achievements? [ynq] (y) y
 Do you want to see the dungeon overview? [ynq] (y) y

Inventory:
 Coins    ('$')
  $ - 2806 gold pieces
 Amulets  ('"')
  S - an amulet of life saving
  Q - an amulet of magical breathing
  r - an amulet of reflection (being worn)
  I - an amulet of unchanging
 Weapons  (')')
  P - 6 +1 darts
  G - the +6 Demonbane (weapon in right hand)
  h - a blessed rustproof +7 mace
 Armor    ('[')
  n - a blessed +0 orcish helm (being worn)
  M - a blessed rustproof +2 pair of gauntlets of power (being worn)
  a - a blessed fireproof +3 pair of speed boots (being worn)
  x - a blessed +5 elven shield (being worn)
  s - a +0 mummy wrapping
  b - a blessed fireproof +3 robe (being worn)
  w - a blessed +3 gold dragon scale mail (being worn)
 Comestibles  ('%')
  j - 2 food rations
  T - 2 sprigs of wolfsbane
 Scrolls  ('?')
  o - 10 scrolls of blank paper
  c - a blessed scroll of identify
  Y - a scroll of light
  W - a scroll of stinking cloud
 Spellbooks  ('+')
  R - a spellbook of invisibility
 Potions  ('!')
  g - 2 potions of full healing
  e - a potion of healing
  d - a potion of levitation
  D - a potion of holy water
  i - a potion of water
 Rings    ('=')
  Z - a ring of conflict
 Wands    ('/')
  l - a wand of create monster (0:12)
  H - a wand of create monster (0:10)
  v - a wand of death (0:3)
  z - a wand of lightning (0:1)
  K - a wand of polymorph (0:7)
  O - a wand of sleep (0:5)
  U - a wand of teleportation (0:4)
 Tools    ('(')
  f - an empty sack
  V - a fire horn (0:5)
  L - a blindfold
  u - a lock pick
  N - a blessed magic marker (1:9)
  B - a stethoscope
  X - a blessed +0 unicorn horn
 Gems/Stones  ('*')
  F - a luckstone

DaveT the Priest's attributes:

Background:
 You were a Curate, a level 17 human Priest.
 You were lawful, on a mission for Mercury
 who was opposed by Venus (neutral) and Mars (chaotic).
 You were right-handed.
 You were in the Quest, on level 2.
 You entered the dungeon 34458 turns ago.
 You had 641948 experience points, 638052 more were needed to attain level 18.

Basics:
 You had 0 out of 123 hit points.
 You had all 227 energy points (spell power).
 Your armor class was -31.
 Your wallet contained 2806 zorkmids.
 Autopickup was off.

Final Characteristics:
 Your strength was 25 (base:18/02, innate limit:18/100).
 Your dexterity was 14 (peak:16, limit:18).
 Your constitution was 18 (limit:18).
 Your intelligence was 11 (limit:18).
 Your wisdom was 18 (limit:18).
 Your charisma was 11 (limit:18).

Final Status:
 You were temporarily blind.
 You weren't hungry.
 You were unencumbered.
 You were wielding a mace.
 You had expert skill with mace.

Final Attributes:
 You were piously aligned.
 You were fire resistant.
 You were cold resistant.
 You were sleep resistant.
 You were shock resistant.
 You resisted hallucinations.
 You would have seen invisible when not blind.
 You were telepathic.
 You were warned.
 You were invisible to others.
 You had a moderate defense bonus (+9).
 You were guarded.
 Your spell casting was enhanced by wearing a robe.
 You were very fast.
 You had reflection.
 You were lucky.
 You had extra luck.
 Bad luck did not time out for you.
 Good luck did not time out for you.
 You are dead.

Miscellaneous:
 You encountered 1 bones level.
 Total elapsed playing time was 6 hours, 2 minutes and 2 seconds.

Major events:
 Turn
    1: DaveT the lawful human Priest entered the dungeon
  674: entered the Gnomish Mines
  964: attained the rank of Acolyte (level 3)
 2072: attained the rank of Adept (level 6)
 4873: entered Sokoban
 5211: completed 1st Sokoban level
 6051: completed 2nd Sokoban level
 6520: completed 3rd Sokoban level
 7285: completed 4th Sokoban level
 7466: acquired the Sokoban amulet of reflection
 7880: attained the rank of Priest (level 10)
 8123: was bestowed with Demonbane by Mercury
 9361: performed his first genocide (rust monsters)
11929: entered Home 1, the Quest
12506: genocided class L
14083: reached Mine Town
16800: was bestowed with Ogresmasher by Mercury
16835: was bestowed with Dragonbane by Mercury
23957: acquired the Mines' End luckstone
30189: attained the rank of Curate (level 14)
31513: killed Croesus
33814: the Arch Priest has granted access to proceed deeper into the quest
33819: genocided class h
34237: entered Home 2, the Quest
34458: killed by a gas cloud, while moving through the air

Spells:
 Name                 Level Category     Fail Retention
 light                  1   clerical      76%    (gone)
 detect monsters        1   divination    76%    (gone)
 confuse monster        1   enchantment   76%    (gone)
 cause fear             3   enchantment   96%    (gone)
 create monster         2   clerical      76%    (gone)
 knock                  1   matter        76%    (gone)
 force bolt             1   attack        76%    (gone)
 haste self             3   escape        96%    (gone)
 cure blindness         2   healing       72%    (gone)
 healing                1   healing       71%   26%-50%
 drain life             2   attack        77%   51%-75%
 detect treasure        4   divination   100%  76%-100%
 detect unseen          3   divination    96%  76%-100%

Skills:
 Fighting Skills
   bare handed combat [Unskilled]
 Weapon Skills
   broadsword         [Unskilled]
   club               [Unskilled]
   mace               [Expert]
   morning star       [Unskilled]
   flail              [Unskilled]
   hammer             [Unskilled]
   quarterstaff       [Unskilled]
   polearms           [Unskilled]
   spear              [Unskilled]
   trident            [Unskilled]
   lance              [Unskilled]
   bow                [Unskilled]
   sling              [Unskilled]
   crossbow           [Unskilled]
   dart               [Unskilled]
   shuriken           [Unskilled]
   boomerang          [Unskilled]
   unicorn horn       [Unskilled]
 Spellcasting Skills
   healing spells     [Unskilled]
   divination spells  [Unskilled]
   clerical spells    [Basic]

Voluntary challenges:
 Character rerolling was not enabled.
 You genocided 12 types of monsters.
 You never polymorphed an object.
 You never changed form.
 You used no wishes.
 You violated the special Sokoban rules once.
Achievements:
 You entered the Gnomish Mines.
 You entered a shop.
 You attained the rank of Acolyte.
 You attained the rank of Adept.
 You entered Sokoban.
 You completed Sokoban.
 You attained the rank of Priest.
 You entered Minetown.
 You entered a temple.
 You completed the Gnomish Mines.
 You attained the rank of Curate.

 The Dungeons of Doom: levels 1 to 25
    Level 1:
    Level 2:
       A general store, a fountain, a grave.
       Stairs down to The Gnomish Mines.
    Level 3: "blank scrolls at altar"
       A general store, an altar to Mercury.
    Level 4: "empty vault"
       A ring shop.
    Level 5:
       A general store, a grave.
       Final resting place for
          pots164-Kni-Hum-Mal-Law, slipped while mounting a saddled pony.
    Level 6:
       Some fountains.
       Oracle of Delphi.
    Level 7:
       Stairs up to Sokoban, level 6.
    Level 8:
       Some fountains.
    Level 9:
    Level 10:
       A sink.
    Level 11:
    Level 12:
       Summoned by the Arch Priest.
       Portal to The Quest.
    Level 13:
       A sink.
    Level 14:
       A grave.
    Level 15:
       A primitive area.
    Level 16:
    Level 17: "free scrolls"
       A general store.
       Portal to Fort Ludios.
    Level 18:
       A fountain.
    Level 19:
       A temple and an altar.
    Level 20:
       Some graves.
    Level 21:
    Level 22:
       A fountain, a grave.
    Level 23:
    Level 24:
       An altar, a fountain.
    Level 25:
 The Gnomish Mines: levels 3 to 11
    Level 3:
    Level 4:
    Level 5:
    Level 6:
       Many shops, a temple and an altar to Mercury, some fountains.
    Level 7:
    Level 8:
    Level 9:
    Level 10:
    Level 11:
 The Quest: levels 1 to 2
    Level 1:
       A temple and an altar, many trees.
       Given quest by the Arch Priest.
    Level 2: <- You were here.
       Many graves.
       Final resting place for
          you, killed by a gas cloud, while moving through the air.
 Sokoban: levels 6 up to 3
    Level 3:
       Solved.
    Level 4:
       Solved.
    Level 5:
       Solved.
    Level 6:
       Solved.
 Fort Ludios:
    Level 1:


Vanquished creatures:
    Croesus
  a purple worm
  2 gold dragons
  2 black dragons
  3 yellow dragons
  4 Olog-hai
  3 titanotheres
  a trapper
  6 nurses
  3 lurkers above
  2 frost giants
 an ettin
  4 black puddings
  a vampire
  2 lieutenants
 17 ghosts
  3 winged gargoyles
  2 giant mimics
  2 long worms
  3 zruties
  4 fire giants
  5 ogre tyrants
  3 ice trolls
  a rock troll
 an umber hulk
  a flesh golem
 an elven monarch
  3 wumpuses
 10 stalkers
  3 fire elementals
 an earth elemental
  a giant mummy
  a xorn
  4 giant zombies
 13 elf-nobles
 10 sergeants
  7 wargs
  a winter wolf
  9 small mimics
  a glass piercer
  4 warhorses
  2 xans
  2 ettin mummies
  3 ogre leaders
  6 quantum mechanics
 23 trolls
  3 wood golems
  5 gelatinous cubes
  4 large dogs
  7 freezing spheres
  2 flaming spheres
  2 shocking spheres
  5 tigers
  3 gargoyles
  3 dwarf rulers
  2 tengu
 an ochre jelly
  3 leocrottas
  a stone giant
  4 elf mummies
  2 human mummies
  a red naga
  2 pythons
 24 wraiths
  8 ettin zombies
  a leather golem
  2 Grey-elves
 77 soldiers
  2 amorous demons
  a chameleon
  2 crocodiles
  4 giant beetles
  8 cockatrices
  5 wolves
  7 winter wolf cubs
  2 lynxes
  2 panthers
  4 gremlins
  2 spotted jellies
 57 leprechauns
  2 orc-captains
  2 iron piercers
  2 mumakil
 19 giant spiders
  5 scorpions
  2 horses
  3 ice vortices
  a baby long worm
  a black light
  8 vampire bats
  2 forest centaurs
 12 gnome rulers
  4 orc mummies
  a dwarf mummy
  5 ogres
  2 brown puddings
  2 rust monsters
  6 owlbears
  6 yetis
  a gold golem
  2 werewolves
  7 Green-elves
  4 giant eels
 17 lizards
  3 chickatrices
  2 dingoes
  2 dogs
  a housecat
  4 jaguars
  2 dwarf leaders
  2 blue jellies
  3 gray unicorns
  2 black unicorns
  6 dust vortices
  a raven
  2 plains centaurs
  3 gnome mummies
  a snake
  7 water moccasins
 10 apes
 25 human zombies
  a rope golem
  a Woodland-elf
 13 soldier ants
  3 fire ants
 18 bugbears
 an imp
  4 quasits
  2 wood nymphs
 10 water nymphs
  2 mountain nymphs
  5 Mordor orcs
  6 Uruk-hai
  2 orc shamans
  8 rock piercers
 10 rock moles
  6 ponies
  3 fog clouds
  7 yellow lights
  a shrieker
  2 violet fungi
 23 gnome leaders
  9 gnomish wizards
  a kobold mummy
  a black naga hatchling
  a guardian naga hatchling
  8 gray oozes
  2 barrow wights
  5 elf zombies
  7 ghouls
  2 straw golems
  4 paper golems
 14 giant ants
  3 little dogs
 20 floating eyes
  2 kittens
 14 dwarves
  6 homunculi
  a kobold leader
  a kobold shaman
 26 hill orcs
 19 rothes
  3 rabid rats
  3 centipedes
  9 giant bats
  2 monkeys
 13 orc zombies
 13 dwarf zombies
  7 wererats
 16 iguanas
 32 killer bees
  6 acid blobs
  5 coyotes
  a gas spore
  5 hobbits
 19 manes
  4 large kobolds
 25 hobgoblins
  6 giant rats
  6 cave spiders
  2 brown molds
  a yellow mold
  a green mold
  5 red molds
 73 gnomes
  a garter snake
  9 gnome zombies
  8 geckos
 12 jackals
  3 foxes
  2 kobolds
 11 goblins
 10 sewer rats
  3 grid bugs
  2 bats
  9 lichens
 11 kobold zombies
 13 newts
1258 creatures vanquished.

Genocided species:
 arch-liches
 master liches
 demiliches
 master mind flayers
 liches
 mind flayers
 dwarf rulers
 rust monsters
 dwarf leaders
 bugbears
 dwarves
 hobbits
12 species genocided.

Game over:
                       ----------
                      /          \
                     /    REST    \
                    /      IN      \
                   /     PEACE      \
                  /                  \
                  |      DaveT       |
                  |     2806 Au      |
                  | killed by a gas  |
                  |      cloud       |
                  |                  |
                  |                  |
                  |       2026       |
                 *|     *  *  *      | *
        _________)/\\_//(\/(/\)/\//\/|_)_______

Goodbye DaveT the Priest...

You died in The Quest on dungeon level 2 with 303182 points,
and 2806 pieces of gold, after 34458 moves.
You were level 17 with a maximum of 123 hit points when you died.

